 Dungeon Crawl Stone Soup version 0.22.1-1-ga44c0e56f4 (webtiles) character file.

33 Roran the Changer (level 3, -7/31 HPs)
             Began as a Naga Transmuter on Oct 21, 2018.
             Splashed by a jelly's acid (8 damage)
             ... on level 1 of the Dungeon.
             The game lasted 00:05:22 (900 turns).

Roran the Changer (Naga Transmuter)                  Turns: 900, Time: 00:05:24

Health: -7/31      AC: -2    Str: 13    XL:     3   Next: 29%
Magic:  6/6        EV: 10    Int: 13    God:
Gold:   28         SH:  0    Dex: 11    Spells: 5/6 levels left

rFire    . . .     SeeInvis +     - Unarmed
rCold    . . .     Gourm    .   (no shield)
rNeg     . . .     Faith    .   b - +0 robe
rPois    +         Spirit   .   (no helmet)
rElec    .         Reflect  .   (no cloak)
rCorr    .         Harm     .   (no gloves)
MR       .....                  (no barding)
Stlth    ++........             (no amulet)
HPRegen  0.10/turn              (no ring)
MPRegen  0.10/turn              (no ring)

@: short of breath, appendage, corroded, very slow
A: large, horns 2, see invisible, deformed body, poison resistance, slowness 2,
slow metabolism 1, spit poison 1, AC +1
a: Spit Poison, End Transformation


You were on level 1 of the Dungeon.
You were not hungry.
You had grown temporary horns.
You visited 1 branch of the dungeon, and saw 2 of its levels.

You collected 28 gold pieces.

Inventory:

Missiles
 a - 49 arrows
Armour
 b - a +0 robe (worn)
Scrolls
 f - a scroll of noise
Potions
 g - a potion of brilliance
Comestibles
 c - 9 chunks of flesh
 d - 3 rations


   Skills:
 - Level 1.0 Fighting
 - Level 1.5 Dodging
 + Level 1.3 Stealth
 - Level 3.0 Unarmed Combat
 - Level 2.0 Spellcasting
 * Level 3.4 Transmutations


You had 5 spell levels left.
You knew the following spells:

 Your Spells              Type           Power        Failure   Level  Hunger
a - Beastly Appendage     Tmut           ##....       6%          1    ##.....

Your spell library contained the following spells:

 Spells                   Type           Power        Failure   Level  Hunger
 Sticks to Snakes         Tmut           ##......     10%         2    ###....
 Spider Form              Tmut/Pois      #.........   36%         3    ####...
 Ice Form                 Ice/Tmut       #.......     77%         4    #####..
 Blade Hands              Tmut           ##........   86%         5    ######.


Dungeon Overview and Level Annotations

Branches:
Dungeon (2/15)

Altars:


Innate Abilities, Weirdness & Mutations

You cannot wear boots.
Your serpentine skin is tough. (AC +1)
You have supernaturally acute eyesight. (SInv)
Armour fits poorly on your strangely shaped body.
Your system is resistant to poisons. (rPois)
You cover ground very slowly.
You have a slow metabolism.
You can spit poison.
You have a pair of horns on your head.


Message History

Press: ? - help, Shift-Dir - straight line, f - jelly
Aim: a jelly (moderately wounded)
You can't see any item there.
The splash of poison hits the jelly.
The jelly is heavily wounded.
You feel slightly more hungry. The jelly hits you. The acid corrodes you!
You are splashed with acid!
The acid burns!
* * * LOW HITPOINT WARNING * * *
You hit the jelly.
Your hands burn!
* * * LOW HITPOINT WARNING * * *
Your headbutt misses the jelly.
The jelly is severely wounded.
The jelly barely misses you.
You hit the jelly.
Your hands burn!
* * * LOW HITPOINT WARNING * * *
The jelly is almost dead.
The jelly hits you.
* * * LOW HITPOINT WARNING * * *
You are splashed with acid!
The acid burns!
You die...

#.....####..#.......
#.......###.####..##
#.....#..##..####...
####.###.......###''
#.........##.###....
#.........##..#.#§§.
#..........##.#..[.§
#.......##....##....
#.J@....###########'
#........##..## ##8.
#.....(..#....#####'
#........#.≈..###...
#........#§≈..#≈#...
########.#.§.≈#.'..<
#.#≈§..#≈#...
###.≈..###...
######.#.≈..#####'


You could see a jelly.

Vanquished Creatures
  A dart slug (D:1)
  A leopard gecko (D:1)
  4 bats (D:1)
  A giant cockroach (D:1)
  2 goblins (D:1)
  4 hobgoblins (D:1)
  4 jackals (D:1)
  2 ball pythons (D:1)
  2 frilled lizards (D:1)
  4 kobolds (D:1)
  2 rats (D:1)
27 creatures vanquished.

Notes
Turn   | Place    | Note
-------+----------+-------------------------------------------
     0 | D:1      | Roran the Naga Transmuter began the quest for the Orb.
     0 | D:1      | Reached XP level 1. HP: 18/18 MP: 3/3
   160 | D:1      | Reached XP level 2. HP: 25/25 MP: 5/5
   720 | D:1      | Reached XP level 3. HP: 29/31 MP: 4/6
   729 | D:1      | Reached skill level 1 in Stealth
   900 | D:1      | HP: 1/31 [jelly (3)]
   900 | D:1      | Splashed by a jelly's acid

Skill      XL: |  1  2  3 |
---------------+----------+-----
Transmutations | 3 |  3.4
Stealth        | 1 |  1.3
Fighting       | |  1.0
Dodging        | |  1.5
Unarmed Combat | |  3.0
Spellcasting   | |  2.0

Action                   || total
-------------------------++-------
Melee: Unarmed           ||    65
       Headbutt          ||     5
 Cast: Beastly Appendage ||    10
 Abil: Spit Poison       ||    12
  Use: Scroll            ||     4
       Potion            ||     1
Armor: Robe              ||    16
Dodge: Dodged            ||    39
